 Dungeon Crawl Stone Soup version 0.25-a0-58-g9dd530fc12 (webtiles) character file.

Game seed: 2233017507022269449, levelgen mode: deterministic

43019 juanjsm the Thaumaturge (level 13, -4/63 HPs)
             Began as a Spriggan Enchanter on Oct 27, 2019.
             Was the Champion of Okawaru.
             Slain by an anaconda (6 damage)
             ... on level 6 of the Lair of Beasts.
             The game lasted 01:55:41 (14451 turns).

juanjsm the Thaumaturge (Spriggan Enchanter)       Turns: 14451, Time: 01:55:41

Health: -4/63      AC:  9    Str:  4    XL:     13   Next: 88%
Magic:  4/40       EV: 25    Int: 22    God:    Okawaru [******]
Gold:   1185       SH:  9    Dex: 21    Spells: 30/39 levels left

rFire    + . .     SeeInvis +   f - +3 dagger (speed)
rCold    . . .     Gourm    .   O - +1 buckler of Tebeov {Dex+3}
rNeg     . . .     Faith    .   i - +1 robe "Vunana" {*Contam rF+ MP+9 Int+2}
rPois    .         Spirit   .   a - +2 hat
rElec    .         Reflect  .   N - +0 cloak
rCorr    +         Harm     .   (gloves unavailable)
MR       ++...                  (boots unavailable)
Stlth    +++++.....             (no amulet)
HPRegen  0.20/turn              I - ring of resist corrosion
MPRegen  0.27/turn              y - +3 ring of protection

@: slowed, constricted, lightly drained, quick
A: very small, unfitting armour, see invisible, herbivore, speed 3, slow
metabolism 2
a: Heroism, Finesse, Renounce Religion


You were on level 6 of the Lair of Beasts.
You worshipped Okawaru.
Okawaru was exalted by your worship.
You were hungry.

You visited 4 branches of the dungeon, and saw 18 of its levels.
You also visited: Ossuary.

You collected 1185 gold pieces.

Inventory:

Hand Weapons
 f - a +3 dagger of speed (weapon)
 k - a +2 dagger of freezing
 B - the +4 war axe "Daenom" {chop, Int+6 Dex-2}
   (You found it on level 5 of the Lair of Beasts)

   It inflicts extra damage upon your enemies.
   It affects your intelligence (+6).
   It affects your dexterity (-2).
Missiles
 c - 79 poisoned darts (quivered)
 g - 577 stones
Armour
 a - a +2 hat (worn)
 i - the +1 robe "Vunana" (worn) {*Contam rF+ MP+9 Int+2}
   (Okawaru gifted it to you on level 3 of the Lair of Beasts)

   It affects your intelligence (+2).
   It protects you from fire.
   It affects your magic capacity (+9).
   It causes magical contamination when unequipped.
 N - a +0 cloak (worn)
 O - the +1 buckler of Tebeov (worn) {Dex+3}
   (You found it on level 9 of the Dungeon)

   It affects your dexterity (+3).
 W - +1 swamp dragon scales
Magical Staves
 E - an uncursed staff of power {unknown}
 V - an uncursed staff of cold
Jewellery
 y - a +3 ring of protection (right hand)
 I - a ring of resist corrosion (left hand)
 L - an uncursed ring of protection from fire {unknown}
 S - a +2 ring of strength
Wands
 b - a wand of paralysis (13)
 n - a wand of polymorph (9)
 u - a wand of clouds (6)
 D - a wand of digging (6)
 M - a wand of iceblast (8)
 P - a wand of disintegration (19)
 T - a wand of flame (23)
Scrolls
 p - 6 scrolls of amnesia
 q - 5 scrolls of remove curse
 r - 7 scrolls of teleportation
 s - 4 scrolls of magic mapping
 v - a scroll of summoning {unknown}
 A - a scroll of identify
 C - a scroll of torment {unknown}
 G - 4 scrolls of enchant armour {unknown}
 H - a scroll of random uselessness {unknown}
 J - a scroll of fog {unknown}
 K - 2 scrolls of fear {unknown}
 R - 3 scrolls of blinking {unknown}
 U - a scroll of holy word {unknown}
 X - 2 scrolls of enchant weapon {unknown}
Potions
 e - 4 potions of heal wounds
 h - 5 potions of brilliance
 j - a potion of resistance
 l - 2 potions of lignification
 m - 2 potions of haste
 o - 4 potions of agility
 t - 4 potions of curing
 w - 2 potions of might
 x - a potion of flight
 z - 2 potions of cancellation
 Q - 2 potions of invisibility
Miscellaneous
 F - a crystal ball of energy
Comestibles
 d - 21 rations


   Skills:
 * Level 5.1(4.9) Fighting
 + Level 8.0(7.9) Short Blades
 + Level 1.6(1.5) Armour
 - Level 11.1(11.0) Dodging
 - Level 12.0(11.8) Stealth
 * Level 5.7(5.6) Shields
 * Level 13.6(13.5) Spellcasting
 + Level 1.3(1.2) Conjurations
 + Level 11.1(11.0) Hexes
 + Level 5.4(5.3) Ice Magic
 + Level 1.8(1.7) Invocations
 + Level 3.8(3.7) Evocations


You had 30 spell levels left.
You knew the following spells:

 Your Spells              Type           Power        Failure   Level  Hunger
a - Corona                Hex            ######.      1%          1    None
b - Ensorcelled Hibernat  Hex/Ice        ######       1%          2    None
c - Confuse               Hex            ######..     1%          3    None
d - Dazzling Spray        Conj/Hex       #####.       1%          3    None

Your spell library contained the following spells:

 Spells                   Type           Power        Failure   Level  Hunger
 Tukima's Dance           Hex            ######..     1%          3    None
 Apportation              Tloc           ##....       4%          1    None
 Beastly Appendage        Tmut           ##....       4%          1    None
 Sandblast                Erth           ##....       4%          1    None
 Summon Butterflies       Summ           ##......     4%          1    None
 Passwall                 Tmut/Erth      ##......     7%          2    None
 Sticks to Snakes         Tmut           ##......     7%          2    None
 Invisibility             Hex            ######..     8%          6    #####..
 Stone Arrow              Conj/Erth      ###...       11%         3    None
 Lesser Beckoning         Tloc           ##........   14%         3    None
 Spider Form              Tmut/Pois      ##........   14%         3    None
 Ice Form                 Ice/Tmut       ####....     16%         4    None
 Petrify                  Tmut/Erth      ##......     43%         4    None
 Alistair's Intoxication  Tmut/Pois      ##......     78%         5    ###....
 Blade Hands              Tmut           ##........   78%         5    ###....
 Lee's Rapid Deconstruct  Erth           ##........   78%         5    ###....


Dungeon Overview and Level Annotations

Branches:
Dungeon (10/15)            Temple (1/1) D:4            Lair (6/6) D:10
  Swamp (0/4) Lair:3       Spider (0/4) Lair:3          Orc (1/2) D:9
Ossuary (visited)
  Slime: Lair:5-6

Altars:
Ashenzari
Cheibriados
Dithmenos
Elyvilon
Fedhas
Gozag
Hepliaklqana
Kikubaaqudgha
Makhleb
Nemelex Xobeh
Okawaru
Qazlal
Ru
Sif Muna
Trog
Uskayaw
Vehumet
Wu Jian
Xom
Yredelemnul
Zin
The Shining One

Annotations:
D:4 Dowan, Duvessa
D:7 1 runed translucent door, vurker's ghost, novice KoHu
D:8 exclusion: ice statue


Innate Abilities, Weirdness & Mutations

You are very small and have problems with some larger weapons.
You are too small for most types of armour.
You have supernaturally acute eyesight. (SInv)
You are a herbivore.
You cover ground extremely quickly.
You need to consume almost no food.


Message History

The anaconda's grasp on you weakens, but your attempt to escape fails.
The anaconda closely misses you. The anaconda constricts you.
The anaconda misses you. The anaconda constricts you.
The wraith closely misses you. The anaconda misses you.
The anaconda constricts you.
You escape the anaconda's grasp.
The anaconda grabs you. The anaconda bites you!
* * * LOW HITPOINT WARNING * * *
x2 The anaconda constricts you.
Casting: Confuse (safe; 1% risk of failure)
Confirm with . or Enter, or press ? or * to list all spells.
Aiming: Ensorcelled Hibernation (safe; 1% risk of failure)
Press: ? - help, Shift-Dir - straight line, f - anaconda, p - wraith
Aim: an anaconda (constricting you, chance to defeat MR: 55%)
The anaconda resists with some effort.
The anaconda closely misses you.
* * * LOW HITPOINT WARNING * * *
The anaconda constricts you. The anaconda closely misses you.
* * * LOW HITPOINT WARNING * * *
The anaconda constricts you. The anaconda bites you.
You die...

...#..P.#..P.P###.#.#.###
........)................
............#.P..........
.##......##.####.........
..#....#####.# #.........
........## ## #..P..##..
...P≈....# ##........
....≈...## ##S.......
...≈...P### ##@W.......
.......P..#####...P......
.......†...........#....#
.......†...........#PP...
.........................
...................P.....
.................P.PP....
..................P....
≈≈............^.....≈.#


You could see an anaconda and a wraith.

Vanquished Creatures
  Gastronok (Lair:1)
  Josephine (Lair:6)
  Erolcha (D:10)
  A two-headed ogre (D:7)
  An ugly thing (D:9)
  Maurice (D:8)
  A black mamba (Lair:1)
  9 spiny frogs
  2 rime drakes
  5 komodo dragons
  2 trolls (Orc:1)
  Prince Ribbit (D:6)
  6 blink frogs
  6 hippogriffs
  A bog body (Lair:3)
  Sigmund (D:2)
  30 yaks
  4 wraiths (Lair:6)
  2 hungry ghosts (D:9)
  4 basilisks
  Menkaure (D:7)
  3 swamp worms (Lair:3)
  Edmund (D:6)
  8 water moccasins
  A two-headed ogre zombie (D:9)
  A warg (Orc:1)
  4 porcupines
  3 sky beasts
  3 ice beasts
  3 orc warriors
  6 ogres
  4 phantoms
  3 centaurs
  14 crocodiles
  17 wolves
  Blork the orc (D:6)
  2 big kobolds
  17 bullfrogs
  A wyvern skeleton (D:10)
  2 troll zombies (D:9)
  2 scorpions (D:5)
  4 wights (D:8)
  An electric eel (Lair:3)
  4 howler monkeys
  3 crimson imps
  3 centaur zombies
  A quasit (D:10)
  8 orc priests
  3 jellies
  10 orc wizards
  A gnoll shaman (D:4)
  A bullfrog skeleton (D:9)
  2 hounds
  An iguana (D:6)
  Ijyb (D:5)
  Natasha (thrice) (D:3)
  8 worker ants
  5 ogre zombies (D:9)
  A mummy (D:4)
  A hound skeleton (D:7)
  2 howler monkey skeletons
  Robin (D:4)
  4 gnolls (D:8)
  9 adders
  A shadow imp (D:10)
  2 oozes
  An adder skeleton (D:4)
  A dart slug (D:1)
  2 leopard geckos
  42 orcs
  4 bats
  4 giant cockroaches
  13 hobgoblins
  17 jackals
  5 quokkas
  2 ball pythons
  7 frilled lizards
  17 goblins
  4 goblin zombies (D:9)
  5 hobgoblin zombies
  11 kobolds
  A kobold zombie (Ossuary)
  2 leopard gecko zombies
  2 orc skeletons (D:9)
  16 orc zombies
  3 rats
416 creatures vanquished.

Vanquished Creatures (others)
  9 fungi
  5 plants
14 creatures vanquished.

Grand Total: 430 creatures vanquished

Notes
Turn   | Place    | Note
-------+----------+-------------------------------------------
     0 | D:1      | juanjsm the Spriggan Enchanter began the quest for the Orb.
     0 | D:1      | Reached XP level 1. HP: 9/9 MP: 5/5
   168 | D:1      | Reached XP level 2. HP: 7/13 MP: 6/6
   176 | D:1      | Learned a level 2 spell: Ensorcelled Hibernation
   529 | D:1      | Reached skill level 3 in Spellcasting
   920 | D:2      | Noticed Sigmund
   927 | D:2      | Killed Sigmund
   927 | D:2      | Reached skill level 5 in Stealth
   927 | D:2      | Reached skill level 1 in Ice Magic
   927 | D:2      | Reached XP level 3. HP: 15/17 MP: 3/9
   927 | D:2      | Reached XP level 4. HP: 19/21 MP: 3/10
   927 | D:2      | Reached XP level 5. HP: 22/25 MP: 3/11
   938 | D:2      | Learned a level 3 spell: Confuse
  1776 | D:3      | Noticed Natasha
  1776 | D:3      | Noticed an ogre
  1778 | D:3      | Killed an ogre
  1778 | D:3      | Reached skill level 4 in Spellcasting
  1778 | D:3      | Reached XP level 6. HP: 29/29 MP: 5/13
  1782 | D:3      | Killed Natasha
  1782 | D:3      | Reached skill level 1 in Fighting
  1826 | D:3      | Noticed Natasha
  2224 | D:3      | Learned a level 3 spell: Dazzling Spray
  2384 | D:3      | Killed Natasha
  2384 | D:3      | Reached skill level 5 in Hexes
  2466 | D:4      | Noticed Duvessa
  2466 | D:4      | Noticed Dowan
  2538 | D:3      | Noticed Natasha
  2546 | D:3      | Killed Natasha
  2576 | D:4      | Found a sand-covered staircase.
  2583 | Ossuary  | Entered an ossuary
  2784 | D:4      | Reached XP level 7. HP: 28/33 MP: 14/14
  2824 | D:4      | Noticed Robin
  2851 | D:4      | Killed Robin
  3147 | D:4      | Found a staircase to the Ecumenical Temple.
  3173 | Temple   | Entered the Ecumenical Temple
  3432 | Temple   | Became a worshipper of Warmaster Okawaru
  3659 | D:4      | Reached skill level 5 in Spellcasting
  3769 | D:5      | Entered Level 5 of the Dungeon
  3943 | D:5      | Reached * piety under Okawaru
  3964 | D:5      | Identified the +3 war axe of the Grave {protect, Stlth+}
  4035 | D:5      | Reached XP level 8. HP: 30/37 MP: 1/17
  4511 | D:5      | Noticed Ijyb
  4513 | D:5      | Killed Ijyb
  4826 | D:5      | Reached ** piety under Okawaru
  4904 | D:6      | Noticed Edmund
  4917 | D:6      | Killed Edmund
  4917 | D:6      | Reached skill level 5 in Dodging
  4917 | D:6      | Reached skill level 10 in Stealth
  4917 | D:6      | Reached skill level 6 in Spellcasting
  4979 | D:6      | Noticed Prince Ribbit
  5176 | D:6      | Noticed Blork the orc
  5220 | D:6      | Killed Blork the orc
  5569 | D:6      | Reached *** piety under Okawaru
  5580 | D:6      | Killed Prince Ribbit
  5580 | D:6      | Reached XP level 9. HP: 41/41 MP: 12/19
  5688 | D:7      | Noticed a two-headed ogre
  5692 | D:7      | Killed a two-headed ogre
  5692 | D:7      | Reached **** piety under Okawaru
  5692 | D:7      | Reached skill level 5 in Short Blades
  5692 | D:7      | Reached skill level 1 in Shields
  5692 | D:7      | Reached skill level 7 in Spellcasting
  6156 | D:7      | Found a runed translucent door.
  6157 | D:7      | Noticed vurker's ghost (novice KoHu)
  6158 | D:7      | Noticed an ogre mage
  6260 | D:7      | Found a glowing golden altar of the Shining One.
  6381 | D:7      | Noticed Menkaure
  6383 | D:7      | Killed Menkaure
  6703 | D:8      | Noticed an ice statue
  6810 | D:8      | Noticed Maurice
  6817 | D:8      | Killed Maurice
  6817 | D:8      | Reached ***** piety under Okawaru
  6817 | D:8      | Reached XP level 10. HP: 45/45 MP: 20/22
  7253 | D:9      | Got a jewelled buckler
  7264 | D:9      | Identified the +1 buckler of Tebeov {Dex+3} (You found it
                  | on level 9 of the Dungeon)
  7396 | D:9      | Reached skill level 8 in Spellcasting
  7970 | D:9      | Noticed a green ugly thing
  7982 | D:9      | Killed a green ugly thing
  8379 | D:9      | Found a staircase to the Orcish Mines.
  8519 | D:9      | Reached skill level 9 in Spellcasting
  8685 | Orc:1    | Entered Level 1 of the Orcish Mines
  8689 | Orc:1    | Noticed an orc knight
  8880 | Orc:1    | Noticed an orc warlord
  8937 | D:10     | Entered Level 10 of the Dungeon
  9119 | D:10     | Found a staircase to the Lair.
  9231 | D:10     | Reached ****** piety under Okawaru
  9258 | D:10     | Reached XP level 11. HP: 51/51 MP: 11/25
  9487 | D:10     | Noticed Erolcha
  9490 | D:10     | Killed Erolcha
  9490 | D:10     | Reached skill level 10 in Spellcasting
  9885 | Lair:1   | Entered Level 1 of the Lair of Beasts
  9904 | Lair:1   | Received a gift from Okawaru
 10007 | Lair:1   | Noticed Gastronok
 10401 | Lair:1   | Received a gift from Okawaru
 10796 | Lair:1   | Reached skill level 11 in Spellcasting
 10970 | Lair:1   | Killed Gastronok
 10998 | Lair:1   | Reached skill level 10 in Dodging
 11344 | Lair:2   | Reached XP level 12. HP: 58/58 MP: 25/28
 11468 | Lair:2   | Reached skill level 10 in Hexes
 12192 | Lair:3   | Found a staircase to the Swamp.
 12197 | Lair:3   | Reached skill level 12 in Spellcasting
 12365 | Lair:3   | Received a gift from Okawaru
 12366 | Lair:3   | Got an ichor-stained robe {god gift}
 12377 | Lair:3   | Identified the +1 robe "Vunana" {*Contam rF+ MP+9 Int+2}
                  | (Okawaru gifted it to you on level 3 of the Lair of Beasts)
 12400 | Lair:3   | Reached skill level 5 in Shields
 12506 | Lair:3   | Found a hole to the Spider Nest.
 13629 | Lair:4   | Reached skill level 1 in Armour
 13629 | Lair:4   | Reached skill level 1 in Conjurations
 13629 | Lair:4   | Reached skill level 5 in Ice Magic
 13629 | Lair:4   | Reached skill level 1 in Invocations
 13629 | Lair:4   | Reached XP level 13. HP: 63/63 MP: 30/30
 13672 | Lair:5   | Reached skill level 13 in Spellcasting
 13716 | Lair:5   | Got a steaming war axe
 13783 | Lair:5   | Identified the +4 war axe "Daenom" {chop, Int+6 Dex-2} (You
                  | found it on level 5 of the Lair of Beasts)
 13934 | Lair:5   | Reached skill level 5 in Fighting
 14234 | Lair:6   | Entered Level 6 of the Lair of Beasts
 14347 | Lair:6   | Noticed Josephine
 14380 | Lair:6   | Killed Josephine
 14451 | Lair:6   | HP: 2/63 [anaconda (3)]
 14451 | Lair:6   | Slain by an anaconda

Levels and vault maps discovered:
D:1:      dpeg_arrival_boxorama, layout_loops_ring, hex_medium, kennysheep_boxes
D:2:      layout_basic, uniq_sigmund
D:3:      layout_basic, kennysheep_nondescript, uniq_natasha
D:4:      minmay_spotlight, layout_cave_pools, minmay_temple_entry_ruins,
          first_ration, gup_ossuary_entry_pyramid, uniq_robin, uniq_duvessa
D:5:      layout_loops_ring, st_stairs_12, chequers_serial_rivers_small_a,
          uniq_ijyb
D:6:      layout_loops_ring, uniq_prince_ribbit1, uniq_edmund,
          uniq_blork_the_orc
D:7:      layout_cave_pods, kennysheep_mini_moat, ebering_ghost_inner_flame,
          minivault_27, uniq_menkaure
D:8:      lemuel_ice_statue, layout_loops_ring, uniq_maurice
D:9:      layout_roguey, zombieorc2_lemuel, feat_on_display
D:10:     layout_cave_pods, lair_entry_dummy, uniq_erolcha
Temple:   kilobyte_greek_temple
Lair:1:   layout_loops_ring, beast_lair_carwin_3, lemuel_fruit_tree,
          uniq_gastronok
Lair:2:   layout_layer_cave, lemuel_old_faithful, grunt_megastairs_1
Lair:3:   layout_chaotic_city, nicolae_swamp_entry_splash_gauntlet,
          spider_nest_entry_a
Lair:4:   layout_loops_ring
Lair:5:   layout_roguey
Lair:6:   due_jungle_book, layout_gridlike, minmay_slime_entry_oklob_open,
          enter_volcano_1, uniq_josephine
Orc:1:    layout_caves, bloody_trog

Skill      XL: |  1  2  3  4  5  6  7  8  9 10 11 12 13 |
---------------+----------------------------------------+-----
Hexes          | 4 5 6 7 8 9 10 11 | 11.1
Spellcasting   | 3 4 5 6 7 9 11 12 13 | 13.6
Short Blades   | 2 3 4 6 7 8 |  8.0
Stealth        | 5 6 7 8 11 12 | 12.0
Ice Magic      | 1 2 3 4 5 |  5.4
Fighting       | 1 2 4 5 |  5.1
Dodging        | 4 5 7 8 10 11 | 11.1
Shields        | 2 3 4 5 |  5.7
Armour         | 1 |  1.6
Conjurations   | 1 |  1.3
Invocations    | 1 |  1.8
Evocations     | 3 |  3.8

Action                   |  1- 3 |  4- 6 |  7- 9 | 10-12 | 13-15 || total
-------------------------+-------+-------+-------+-------+-------++-------
Melee: Dagger            |    83 |   118 |   231 |   552 |    82 ||  1066
 Cast: Corona            |     3 |       |       |       |       ||     3
       Ensorcelled Hiber |    21 |    29 |    75 |   169 |    32 ||   326
       Confuse           |       |     7 |    49 |    70 |    15 ||   141
       Dazzling Spray    |       |     2 |       |     6 |     4 ||    12
  Use: Scroll            |       |       |     2 |    11 |     5 ||    18
       Potion            |       |       |       |     1 |     1 ||     2
 Stab: Sleeping          |    13 |    29 |    68 |   119 |    25 ||   254
       Distracted        |     1 |     1 |     2 |     6 |     1 ||    11
       Confused          |       |     2 |    19 |    41 |     8 ||    70
       Invisible         |       |       |       |     2 |     2 ||     4
  Eat: Ration            |       |     1 |     4 |     3 |       ||     8
Armor: Robe              |     7 |     6 |     9 |    20 |     2 ||    44
       Swamp dragon scal |       |       |       |    12 |       ||    12
Dodge: Dodged            |    75 |   101 |   119 |   260 |    57 ||   612
Block: Buckler           |       |       |    12 |   134 |    28 ||   174

Table legend:
 A = Non-vault XP
 B = Vault XP
 C = Vault XP percentage of total XP
 D = Non-vault monster count
 E = Vault monster count
 F = Vault count percentage of total count
                 A         B        C        D         E       F
            +---------+---------+-------+---------+---------+-------
      Total |   28926 |   10237 |  26.1 |     332 |      84 |  20.2
            +---------+---------+-------+---------+---------+-------
        D:1 |      35 |       0 |   0.0 |      21 |       0 |   0.0
        D:2 |      31 |     227 |  88.0 |       9 |       1 |  10.0
        D:3 |     253 |      35 |  12.2 |      26 |       1 |   3.7
        D:4 |     287 |     102 |  26.2 |      16 |      17 |  51.5
        D:5 |     865 |      74 |   7.9 |      24 |       2 |   7.7
        D:6 |     556 |     550 |  49.7 |      18 |       3 |  14.3
        D:7 |    1884 |     165 |   8.1 |      18 |       1 |   5.3
        D:8 |     755 |     462 |  38.0 |      23 |       1 |   4.2
        D:9 |    1911 |     922 |  32.5 |      30 |      36 |  54.5
       D:10 |    1262 |    1012 |  44.5 |      30 |       1 |   3.2
     Lair:1 |    4844 |    3571 |  42.4 |      23 |       6 |  20.7
     Lair:2 |    3739 |     492 |  11.6 |      25 |       2 |   7.4
     Lair:3 |    3739 |     783 |  17.3 |      23 |       5 |  17.9
     Lair:4 |    1894 |       0 |   0.0 |       5 |       0 |   0.0
     Lair:5 |    4146 |       0 |   0.0 |      20 |       0 |   0.0
     Lair:6 |    1682 |    1839 |  52.2 |      10 |       5 |  33.3
      Orc:1 |    1043 |       0 |   0.0 |      11 |       0 |   0.0
    Ossuary |       0 |       3 | 100.0 |       0 |       3 | 100.0
            +---------+---------+-------+---------+---------+-------
